 Dungeon Crawl Stone Soup version bcrawl-1.12-11-gb93c957 (webtiles) character file.

Game seed: 11923890882947983055

17878 Trogdor the Fighter (level 12, 0/110 HPs)
             Began as a Sand Dwarf Skald on June 24, 2019.
             Was a High Priest of Vehumet.
             Slain by a freezing wraith (9 damage)
             ... in an ice cave on June 29, 2019.
             The game lasted 01:20:34 (11465 turns).

Trogdor the Fighter (Sand Dwarf Skald)             Turns: 11465, Time: 01:20:34

Health: 0/110      AC: 16    Str: 21    XL:     12   Next: 52%
Magic:  25/25      EV: 15    Int: 25    God:    Vehumet [*****.]
Gold:   838        SH:  0    Dex:  5    Spells: 12/30 levels left

rFire    . . .     SeeInvis .   t - +12 quarterstaff "Beastslayer" {crush, rPois rN+ Int+6 Dex-5}
rCold    + . .     Gourm    .   (shield currently unavailable)
rNeg     + . .     Faith    .   S - +4 ring mail
rPois    +         Spirit   .   l - +1 helmet {Int+3}
rElec    .         Reflect  .   (no cloak)
rCorr    .         Harm     .   h - +0 pair of gloves
MR       +....                  H - +0 pair of boots
Stlth    ..........             g - amulet of magic regeneration
HPRegen  0.28/turn              b - ring of protection from cold
MPRegen  0.44/turn              O - +2 ring of evasion

@: infused, slowed, very slow
A: small, clever 1, slowness 1, MP-powered wands, armour attunement
a: Renounce Religion


You were in an ice cave.
You worshipped Vehumet.
Vehumet was extremely pleased with you.
You were near starving.

You visited 2 branches of the dungeon, and saw 12 of its levels.
You also visited: Ossuary and Ice Cave.

You collected 838 gold pieces.

Inventory:

Hand Weapons
 a - a +2 vampiric morningstar
 d - a +2 dagger of venom
 i - a +1 hand axe of flaming
 t - the +12 quarterstaff "Beastslayer" (weapon) {crush, rPois rN+ Int+6 Dex-5}
   (You found it on level 4 of the Dungeon)

   It inflicts extra damage upon your enemies.
   It affects your intelligence (+6).
   It affects your dexterity (-5).
   It protects you from poison.
   It protects you from negative energy.
 I - a +3 antimagic flail
Missiles
 e - 2526 stones (quivered)
Armour
 h - a +0 pair of gloves (worn)
 j - a +1 robe of fire resistance
 l - a +1 helmet of intelligence (worn)
 C - a +0 plate armour
 H - a +0 pair of boots (worn)
 S - a +4 ring mail (worn)
Jewellery
 b - a ring of protection from cold (left hand)
 g - an amulet of magic regeneration (around neck)
 k - an uncursed amulet of the acrobat
 o - an uncursed ring of fire
 u - an uncursed ring of see invisible
 w - an uncursed amulet of regeneration {unknown}
 A - an uncursed ring of protection from fire
 B - an uncursed amulet of rage
 O - a +2 ring of evasion (right hand)
Wands
 x - a wand of digging (12)
 P - a wand of enslavement (25)
 U - a wand of flame (18)
 V - a wand of random effects (12)
Scrolls
 c - 2 scrolls of immolation
 p - 3 scrolls of amnesia
 r - a scroll of enchant weapon
 v - a scroll of acquirement {unknown}
 y - 2 scrolls of teleportation
 E - a scroll of noise {unknown}
 K - 4 scrolls of remove curse
 L - a scroll of fog {unknown}
 M - 2 scrolls of brand weapon
 R - 3 scrolls of magic mapping
 T - a scroll of summoning {unknown}
 W - a scroll of enchant armour {unknown}
Potions
 m - a potion of haste {unknown}
 n - a potion of brilliance
 q - 2 potions of magic
 s - 3 potions of agility
 z - 2 potions of berserk rage {unknown}
 F - 2 potions of ambrosia {unknown}
 G - 3 potions of heal wounds {unknown}
 J - a potion of resistance {unknown}
 N - a potion of might {unknown}
 Q - a potion of curing
Comestibles
 f - 21 rations {!d}


   Skills:
 + Level 11.1 Fighting
 - Level 9.7(9.8) Maces & Flails
 - Level 1.0(4.3) Staves
 + Level 9.4 Armour
 - Level 1.5 Dodging
 + Level 9.6 Spellcasting
 - Level 1.0 Conjurations
 + Level 1.8 Hexes
 + Level 9.5 Charms
 - Level 2.1 Necromancy
 - Level 1.2 Translocations
 - Level 1.2 Ice Magic
 - Level 1.0 Air Magic
 - Level 4.2 Earth Magic
 - Level 1.0 Poison Magic


You had 12 spell levels left.
You knew the following spells:

 Your Spells              Type           Power        Failure   Level  Hunger
a - Infusion              Chrm           ######..     1%          1    None
b - Song of Slaying       Chrm           ######..     1%          2    None
c - Ozocubu's Armour      Chrm/Ice       #####...     1%          3    None
d - Regeneration          Chrm/Necr      #####.....   1%          3    None
e - Spectral Weapon       Hex/Chrm       #####...     1%          3    None
f - Sandblast             Erth           ####..       1%          1    None
g - Blink                 Tloc           N/A          4%          2    None
h - Mephitic Cloud        Conj/Pois/Air  ###.....     2%          3    None

Your spell library contained the following spells:

 Spells                   Type           Power        Failure   Level  Hunger
 Throw Icicle             Conj/Ice       ###.....     9%          4    #......
 Magic Dart               Conj           ###.         1%          1    None
 Slow                     Hex            ###.....     2%          1    None
 Conjure Flame            Conj/Fire      ##......     3%          3    None
 Call Imp                 Summ           ##......     8%          2    None


Dungeon Overview and Level Annotations

Branches:
Dungeon (11/12)            Temple (0/1) D:5            Lair (1/6) D:7
    Orc (0/1) D:9
 Vaults: D:11-12

Altars:
Cheibriados
Dithmenos
Hepliaklqana
Kikubaaqudgha
Makhleb
Uskayaw
Vehumet
Xom
Yredelemnul

Shops:
D:4 (   D:10 !

Annotations:
Lair:1 exclusion: 3 oklob plants


Innate Abilities, Weirdness & Mutations

You are small and have problems with some larger weapons.
You cover ground slowly.
Armour does not affect your spellcasting.
Your mind is acute. (Int +2)
You expend magic power (3 MP) to strengthen your wands.


Message History

Your spectral weapon resists.
Your spectral weapon shares its damage with you!
Your spectral weapon fades away.
The freezing wraith misses you. The freezing wraith closely misses you.
You closely miss the freezing wraith.
The freezing wraith is almost destroyed.
The freezing wraith completely misses you.
The freezing wraith hits you but does no damage.
The freezing wraith hits you! The freezing wraith freezes you! You resist.
* * * LOW HITPOINT WARNING * * *
The freezing wraith hits you but does no damage.
The freezing wraith hits you.
* * * LOW HITPOINT WARNING * * *
The freezing wraith freezes you! You resist.
* * * LOW HITPOINT WARNING * * *
The freezing wraith hits you but does no damage.
The freezing wraith hits you.
* * * LOW HITPOINT WARNING * * *
The freezing wraith freezes you! You resist.
You die...

##.W####
###. .. .W.
..Y. W..W.
......
#####
##..W##
#..@W5##
#..###5.#
#...##....#
.## ##.
#...###
...# #
##.5W.#
..##
##5.W8Z. #
...###
##.Z55Z..
#### #.W.##


.ZWZZ.. ...## #...# 5Z5Z... You could see 2 freezing wraiths and 2 white imps.

Vanquished Creatures
  A hydra (D:10)
  A two-headed ogre (D:9)
  The ghost of DadBeatsMe the Basher, a novice MiBe of Trog (D:6)
  An ugly thing (D:10)
  3 manticores
  A gargoyle (D:10)
  2 black mambas (Lair:1)
  2 rime drakes (Lair:1)
  2 centaur skeletons (D:10)
  3 freezing wraiths (IceCv)
  A hornet (D:9)
  2 trolls (D:9)
  3 hippogriffs
  15 yaks
  2 wyverns (D:10)
  A basilisk (D:10)
  A steam dragon (D:9)
  A hungry ghost (D:8)
  A death yak simulacrum (IceCv)
  4 soldier ants
  3 water moccasins
  2 porcupines (Lair:1)
  4 sky beasts
  7 orc warriors
  7 ice beasts
  A necrophage (D:8)
  8 ogres
  3 centaurs
  A crocodile (Lair:1)
  A big kobold (D:6)
  10 bullfrogs
  A scorpion (D:5)
  A wyvern skeleton (D:8)
  A swamp dragon simulacrum (IceCv)
  2 elephant simulacra (IceCv)
  10 wights
  3 howler monkeys
  2 crimson imps
  4 centaur zombies
  11 orc priests
  2 hounds
  2 bullfrog skeletons
  20 orc wizards
  6 iguanas
  11 worker ants
  A hound zombie (D:6)
  3 mummies (Ossuary)
  A worker ant zombie (D:7)
  A howler monkey skeleton (D:5)
  9 adders
  3 shadow imps
  5 white imps (IceCv)
  A howler monkey simulacrum (D:6)
  An ooze (D:1)
  4 adder zombies (Ossuary)
  2 adder skeletons (D:5)
  2 worms
  2 dart slugs
  5 leopard geckos
  56 orcs
  4 giant cockroaches
  5 goblins
  8 hobgoblins
  17 jackals
  4 quokkas
  A ball python (D:1)
  7 bats
  7 frilled lizards
  3 goblin zombies (Ossuary)
  4 hobgoblin zombies (Ossuary)
  A jackal zombie (D:5)
  5 kobolds
  A kobold zombie (Ossuary)
  A quokka zombie (Ossuary)
  7 rats
  5 rat zombies (Ossuary)
347 creatures vanquished.

Vanquished Creatures (others)
  7 spectral weapons
7 creatures vanquished.

Grand Total: 354 creatures vanquished

Notes
Turn   | Place    | Note
-------+----------+-------------------------------------------
     0 | D:1      | Trogdor the Sand Dwarf Skald began the quest for the Orb.
     0 | D:1      | Reached XP level 1. HP: 18/18 MP: 3/3
   215 | D:1      | Reached XP level 2. HP: 22/25 MP: 0/5
   275 | D:1      | Learned a level 2 spell: Song of Slaying
   996 | D:2      | Reached XP level 3. HP: 29/30 MP: 1/6
  1094 | D:2      | Learned a level 3 spell: Ozocubu's Armour
  1590 | D:2      | Reached XP level 4. HP: 6/37 MP: 0/7
  2246 | D:2      | Found a radiant altar of Vehumet.
  2332 | D:2      | Reached skill level 1 in Ice Magic
  2528 | D:2      | Reached XP level 5. HP: 29/42 MP: 3/9
  2842 | D:2      | Reached skill level 5 in Maces & Flails
  2943 | D:3      | Found a basalt altar of Yredelemnul.
  2983 | D:3      | Learned a level 3 spell: Regeneration
  3046 | D:3      | Noticed a sky beast
  3130 | D:2      | Became a worshipper of Vehumet
  3347 | D:3      | Reached skill level 3 in Fighting
  3347 | D:3      | Reached XP level 6. HP: 12/51 MP: 1/10
  3614 | D:3      | Found a faded altar of an unknown god.
  3714 | D:3      | Reached skill level 1 in Necromancy
  3939 | D:3      | Killed a sky beast
  4005 | D:3      | Found a hazy altar of Hepliaklqana.
  4006 | D:3      | Found a hide-covered altar of Uskayaw.
  4111 | D:3      | Reached XP level 7. HP: 57/57 MP: 8/12
  4124 | D:3      | Learned a level 3 spell: Spectral Weapon
  4132 | D:3      | Found a shadowy altar of Dithmenos.
  4539 | D:4      | Found a shimmering altar of Xom.
  4611 | D:4      | Reached * piety under Vehumet
  4611 | D:4      | Offered knowledge of Magic Dart by Vehumet.
  4874 | D:4      | Got a warped quarterstaff
  4876 | D:4      | Identified the +12 quarterstaff "Beastslayer" {crush, rPois
                  | rN+ Int+6 Dex-5} (You found it on level 4 of the Dungeon)
  5012 | D:4      | Found Inaholas's Antique Weapon Shop.
  5474 | D:5      | Entered Level 5 of the Dungeon
  5582 | D:5      | Reached XP level 8. HP: 63/63 MP: 14/14
  5681 | D:5      | Reached skill level 1 in Staves
  5831 | D:5      | Found a staircase to the Ecumenical Temple.
  5849 | D:5      | Reached skill level 5 in Charms
  5852 | D:5      | Offered knowledge of Sandblast by Vehumet.
  5855 | D:5      | Learned a level 1 spell: Sandblast
  5862 | D:5      | Reached ** piety under Vehumet
  5873 | D:5      | Reached skill level 1 in Earth Magic
  6023 | D:5      | Reached skill level 4 in Fighting
  6247 | D:6      | Reached skill level 5 in Armour
  6273 | D:6      | Reached XP level 9. HP: 16/72 MP: 12/16
  6317 | D:6      | Found a runed translucent gate.
  6317 | D:6      | Found a runed translucent gate.
  6317 | D:6      | Found a runed translucent gate.
  6317 | D:6      | Noticed DadBeatsMe's ghost (novice MiBe)
  6517 | D:6      | Learned a level 2 spell: Blink
  6539 | D:6      | Reached skill level 5 in Spellcasting
  6670 | D:6      | Killed DadBeatsMe's ghost
  6670 | D:6      | Reached skill level 5 in Fighting
  6670 | D:6      | Reached skill level 1 in Translocations
  6737 | D:7      | Found a sand-covered staircase.
  6751 | Ossuary  | Entered an ossuary
  6770 | Ossuary  | Offered knowledge of Ignite Poison by Vehumet.
  6806 | Ossuary  | Reached *** piety under Vehumet
  7013 | D:7      | Reached skill level 6 in Fighting
  7067 | D:7      | Found a blossoming altar of Fedhas.
  7069 | D:7      | Found a radiant altar of Vehumet.
  7069 | D:7      | Found a hazy altar of Hepliaklqana.
  7071 | D:7      | Found a deep blue altar of Sif Muna.
  7071 | D:7      | Found a shimmering altar of Xom.
  7071 | D:7      | Found a snail-covered altar of Cheibriados.
  7231 | D:7      | Reached XP level 10. HP: 81/83 MP: 16/18
  7476 | D:7      | Found a staircase to the Lair.
  7557 | D:8      | Offered knowledge of Iskenderun's Mystic Blast by Vehumet.
  7792 | D:8      | Learned a level 3 spell: Mephitic Cloud
  7877 | D:8      | Reached skill level 1 in Hexes
  8249 | D:8      | Noticed a manticore
  8253 | D:8      | Reached **** piety under Vehumet
  8262 | D:8      | Killed a manticore
  8262 | D:8      | Reached skill level 1 in Conjurations
  8262 | D:8      | Reached skill level 1 in Air Magic
  8262 | D:8      | Reached skill level 1 in Poison Magic
  8322 | D:8      | Reached skill level 7 in Fighting
  8352 | D:8      | Offered knowledge of Stone Arrow by Vehumet.
  8487 | D:9      | Found an ancient bone altar of Kikubaaqudgha.
  8625 | D:9      | Reached skill level 8 in Fighting
  8727 | D:9      | Reached XP level 11. HP: 94/94 MP: 16/22
  8754 | D:9      | Reached ***** piety under Vehumet
  8774 | D:9      | Found a staircase to the Orcish Mines.
  8790 | D:9      | Offered knowledge of Throw Icicle by Vehumet.
  8841 | D:9      | Noticed a two-headed ogre
  8870 | D:9      | Killed a two-headed ogre
  9406 | D:9      | Found a burning altar of Makhleb.
  9456 | D:10     | Entered Level 10 of the Dungeon
  9482 | D:10     | Gained mutation: Your movements are slightly less
                  | encumbered by armour. (ER -2) [potion of mutation]
  9482 | D:10     | Gained mutation: Your magical capacity is low. (-10% MP)
                  | [potion of mutation]
  9482 | D:10     | Gained mutation: You are frail. (-10% HP) [potion of
                  | mutation]
  9482 | D:10     | Gained mutation: You have a pair of small antennae on your
                  | head. [potion of mutation]
  9483 | D:10     | Lost mutation: You are frail. (-10% HP) [potion of
                  | mutation]
  9483 | D:10     | Lost mutation: Your magical capacity is low. (-10% MP)
                  | [potion of mutation]
  9483 | D:10     | Lost mutation: Your movements are slightly less encumbered
                  | by armour. (ER -2) [potion of mutation]
  9483 | D:10     | Lost mutation: You have a pair of small antennae on your
                  | head. [potion of mutation]
  9483 | D:10     | Gained mutation: You expend magic power (3 MP) to
                  | strengthen your wands. [potion of mutation]
  9483 | D:10     | Gained mutation: Your mind is acute. (Int +2) [potion of
                  | mutation]
  9729 | D:10     | Found Zaotuof's Distillery.
  9744 | D:10     | Noticed a manticore
  9755 | D:10     | Killed a manticore
  9755 | D:10     | Reached skill level 9 in Fighting
  9775 | D:10     | Noticed a seven-headed hydra
  9775 | D:10     | Noticed a purple ugly thing
  9780 | D:10     | Killed a seven-headed hydra
  9786 | D:10     | Killed a purple ugly thing
  9866 | D:10     | Noticed a manticore
  9879 | D:10     | Killed a manticore
 10117 | D:10     | Reached skill level 10 in Fighting
 10141 | D:10     | Reached XP level 12. HP: 106/106 MP: 24/24
 10648 | Lair:1   | Entered Level 1 of the Lair of Beasts
 10804 | Lair:1   | Paralysed by a floating eye for 4 turns
 11077 | Lair:1   | Found a frozen archway.
 11096 | IceCv    | Entered an ice cave
 11206 | IceCv    | Reached skill level 11 in Fighting
 11452 | IceCv    | Found an ancient bone altar of Kikubaaqudgha.
 11465 | IceCv    | Slain by a freezing wraith

Skill      XL: |  1  2  3  4  5  6  7  8  9 10 11 12 |
---------------+-------------------------------------+-----
Maces & Flails | 4 5 6 8 9 |  9.7
Ice Magic      | 1 |  1.2
Armour         | 2 3 4 5 6 7 8 9 |  9.4
Charms         | 4 5 6 7 8 9 |  9.5
Spellcasting   | 3 4 5 7 8 9 |  9.6
Fighting       | 3 4 6 8 10 11 | 11.1
Necromancy     | 1 2 |  2.1
Staves         | 1 |  1.0
Earth Magic    | 3 4 |  4.2
Translocations | 1 |  1.2
Hexes          | 1 |  1.8
Conjurations   | 1 |  1.0
Air Magic      | 1 |  1.0
Poison Magic   | 1 |  1.0
Dodging        | |  1.5

Action                   |  1- 3 |  4- 6 |  7- 9 | 10-12 || total
-------------------------+-------+-------+-------+-------++-------
Melee: Mace              |   112 |   132 |       |       ||   244
       Dagger            |       |    51 |    62 |       ||   113
       Quarterstaff      |       |       |   183 |   472 ||   655
 Cast: Infusion          |    20 |    20 |     6 |    12 ||    58
       Song of Slaying   |     2 |     5 |    10 |    11 ||    28
       Ozocubu's Armour  |     2 |     6 |     1 |     8 ||    17
       Regeneration      |       |     3 |    10 |    41 ||    54
       Spectral Weapon   |       |       |     5 |     8 ||    13
       Sandblast         |       |       |     5 |    26 ||    31
       Mephitic Cloud    |       |       |       |     4 ||     4
  Use: Scroll            |     5 |     4 |     8 |     6 ||    23
       Potion            |     2 |     2 |       |     4 ||     8
 Stab: Confused          |       |       |       |     1 ||     1
  Eat: Chunk             |     3 |     7 |    13 |    20 ||    43
       Ration            |       |     1 |       |       ||     1
Armor: Leather armour    |    13 |       |     5 |       ||    18
       Ring mail         |    33 |    50 |       |   207 ||   290
       Scale mail        |       |     9 |    13 |       ||    22
       Chain mail        |       |       |    21 |       ||    21
       Plate armour      |       |       |    53 |       ||    53
       Skin              |       |       |       |    18 ||    18
Dodge: Dodged            |   106 |   135 |   127 |   361 ||   729
